 Dungeon Crawl Stone Soup version 0.18.1-50-g88ac8fd (webtiles) character file.

128129 Amnesiac the Grand Gadgeteer (level 17, -27/84 HPs)
             Began as a Vine Stalker Fighter on Mar 11, 2018.
             Was the Champion of Pakellas.
             Killed from afar by a deep elf sorcerer (30 damage)
             ... with a bolt of acid
             ... on level 3 of the Elven Halls on Mar 12, 2018.
             The game lasted 01:09:39 (19032 turns).

Amnesiac the Grand Gadgeteer (VSFi)                Turns: 19032, Time: 01:09:40

Health: -27/84     AC: 12    Str: 36    XL:     17   Next: 2%
Magic:  0/32       EV: 12    Int: 11    God:    Pakellas [******]
Gold:   1520       SH: 23    Dex: 21    Spells: 2 memorised, 12 levels left

rFire  + . .     SeeInvis +     a - +7 quick blade (flame)
rCold  + . .     Gourm    .     O - +5 scale mail of Icvoerie {rF+ Str+6 Dex+3 SInv}
rNeg   + . .     Faith    .     M - +0 large shield
rPois  .         Spirit   +     t - +1 helmet
rElec  .         Dismiss  .     j - +1 cloak
rCorr  .         Reflect  +     k - +1 pair of gloves {Str+3}
SustAt .         Harm     .     i - +0 pair of boots
MR     ++...                    K - +4 amulet of reflection
Stlth  ..........               x - ring "Avaeloabats" {rN+ Str+3 Int+3 Dex+2}
                                Q - ring of protection from cold

@: corroded, drained, very resistant to hostile enchantments, extremely
unstealthy
A: fangs 3, regeneration 3, magic shield, antimagic bite, no device heal 3, rot
immunity
a: Quick Charge, Device Surge, Supercharge, Renounce Religion


You were on level 3 of the Elven Halls.
You worshipped Pakellas.
Pakellas was exalted by your worship.
You were not hungry.

You visited 4 branches of the dungeon, and saw 21 of its levels.
You visited the Abyss 1 time.
You also visited: Labyrinth.

You collected 2132 gold pieces.
You spent 612 gold pieces at shops.

Inventory:

Hand Weapons
 a - a +7 quick blade of flaming (weapon)
 v - a +1 dagger of speed
 G - a +3 demon blade of electrocution
Armour
 i - a +0 pair of boots (worn)
 j - a +1 cloak (worn)
 k - a +1 pair of gloves of strength (worn)
 t - a +1 helmet (worn)
 M - a +0 large shield (worn)
 O - the +5 scale mail of Icvoerie (worn) {rF+ Str+6 Dex+3 SInv}
   (You found it on level 7 of the Dungeon)

   It affects your strength (+6).
   It affects your dexterity (+3).
   It protects you from fire.
   It lets you see invisible.
Rods
 b - a +9 rod of shadows (17/17)
   (Pakellas gifted it to you on level 13 of the Dungeon)
Jewellery
 w - an uncursed amulet of dismissal
 x - the ring "Avaeloabats" (right hand) {rN+ Str+3 Int+3 Dex+2}
   (You found it on level 15 of the Dungeon)

   [ring of intelligence]

   It affects your strength (+3).
   It affects your intelligence (+3).
   It affects your dexterity (+2).
   It protects you from negative energy.
 F - an uncursed ring of fire
 K - a +4 amulet of reflection (around neck)
 Q - a ring of protection from cold (left hand)
 S - an uncursed ring of resist corrosion
Wands
 g - a wand of paralysis (18/24)
 n - a wand of teleportation (9/9)
 u - a wand of digging (22/24)
 E - a wand of heal wounds (4/9)
 V - a wand of flame (39/48)
 W - a wand of iceblast (15/15)
 Y - a wand of lightning (12/15)
Scrolls
 m - 3 scrolls of fear {!r}
 p - 8 scrolls of identify {!r}
 r - 9 scrolls of teleportation {!r}
 s - 14 scrolls of remove curse {!r}
 y - a scroll of fog {!r}
 z - a scroll of magic mapping {!r}
 H - 2 scrolls of blinking {!r}
 P - 3 scrolls of enchant armour {!r}
 T - a scroll of vulnerability {!r}
 U - 2 scrolls of summoning {!r}
Potions
 c - 4 potions of cure mutation {!q}
 d - 3 potions of might {!q}
 q - 6 potions of magic {!q}
 B - 2 potions of mutation {!q}
 C - 2 potions of resistance {!q}
 D - 3 potions of agility {!q}
 J - 2 potions of lignification {!q}
 L - 3 potions of invisibility {!q}
 N - 9 potions of curing {!q}
Miscellaneous
 e - a phial of floods
 o - a fan of gales
 A - a disc of storms
 R - a box of beasts {used: 7}
Comestibles
 f - 9 bread rations
 h - 3 chunks of flesh
 l - 13 meat rations


   Skills:
 - Level 7.0(6.2) Fighting
 - Level 8.0(7.2) Short Blades
 - Level 6.5(5.7) Armour
 - Level 6.5(5.7) Dodging
 - Level 7.0(6.2) Shields
 + Level 21.1(20.1) Evocations


You had 12 spell levels left.
You knew the following spells:

 Your Spells              Type           Power        Failure   Level  Hunger
a - Summon Butterflies    Summ           #.......     100%        1    ##.....
s - Conjure Flame         Conj/Fire      #.......     100%        3    ####...


Dungeon Overview and Level Annotations

Branches:
Dungeon (15/15)            Temple (1/1) D:7            Lair (0/8) D:10
    Orc (2/2) D:10            Elf (3/3) Orc:2        Vaults (0/5) D:13
 Depths (0/5) D:15

Altars:
Ashenzari
Cheibriados
Dithmenos
Elyvilon
Fedhas
Gozag
Kikubaaqudgha
Makhleb
Nemelex Xobeh
Okawaru
Pakellas
Qazlal
Ru
Sif Muna
Trog
Vehumet
Xom
Yredelemnul
Zin
The Shining One
Beogh

Shops:
D:6 (*[   D:10 %   D:13 [   D:14 :   D:15 *   Orc:2 :[*(   Elf:1 (   Elf:2 :

Portals:
Trove: Elf:3 (show slimy rune of Zot)


Innate Abilities, Weirdness & Mutations

You have razor-sharp teeth.
You regenerate.
When hurt, damage is shared between your health and your magic reserves.
Your bite disrupts and absorbs the magic of your enemies.
Potions and wands cannot restore your health.
You are immune to rotting.


Message History

You hit the earth elemental but do no damage.
You bite the earth elemental! You drain its power.
You destroy the earth elemental!
Pakellas collects the excess magic power.
Pakellas grants you a gift!
q - 7 potions of magic {!q} (gained 1)
You open the door.
There is an open door here.
You enter a teleport trap!
The teleport trap disappears.
Your surroundings suddenly seem different.
A deep elf high priest, a deep elf annihilator, a deep elf sorcerer and a deep elf death mage come into view.
The deep elf annihilator shouts!
The deep elf high priest shouts!
The deep elf death mage shouts!
The deep elf sorcerer shouts!
You block the deep elf sorcerer's attack.
A deep elf high priest and a deep elf death mage come into view.
The deep elf high priest shouts!
The deep elf annihilator gestures wildly while chanting.
The deep elf annihilator blinks!
The deep elf high priest prays to its god.
The deep elf high priest begins emitting a brilliant aura!
The deep elf death mage is empowered by the deep elf high priest's aura! x2
The deep elf sorcerer is empowered by the deep elf high priest's aura!
You open the door.
A deep elf sorcerer comes into view. It is wielding a short sword.
The deep elf sorcerer shouts!
The deep elf death mage beckons forth a restless soul!
The deep elf sorcerer points at you and mumbles some strange words.
The bolt of acid hits you! The acid corrodes you!
The acid burns!
You hear a shout!
Found five items.
A trident of flaming comes into view.
A deep elf annihilator comes into view. It is wielding a long sword.
The deep elf sorcerer howls an incantation.
The deep elf sorcerer's fingertips start to glow.
Found fourteen items.
There is an open door here.
The deep elf death mage seems less brilliant. x2
The deep elf sorcerer seems less brilliant.
The deep elf death mage is empowered by the deep elf high priest's aura! x2
The deep elf sorcerer is empowered by the deep elf high priest's aura!
The deep elf sorcerer casts a spell at you.
The bolt of acid hits you!
* * * LOW HITPOINT WARNING * * *
The acid corrodes you!
The acid burns!
* * * LOW HITPOINT WARNING * * *
The deep elf death mage gestures at you while chanting.
The bolt of negative energy hits you! You partially resist.
You feel drained.
* * * LOW HITPOINT WARNING * * *
You hear a shout!
Found four items.
You see here a glowing spear.
Drink which item? (? for menu, Esc to quit)
Okay, then.
Drink which item? (? for menu, Esc to quit)
Really quaff
q - 7 potions of magic {!q}?
Magic courses through your body.
The deep elf death mage points at you and mumbles some strange words.
The bolt of negative energy hits you! You partially resist.
You feel drained.
* * * LOW HITPOINT WARNING * * *
The deep elf sorcerer gestures at you while chanting.
The bolt of acid hits you!
You die...
Pakellas says: Time to start the next experiment...

......# #.....
#e..e..###......
###.ยง....#......#
##$##........(..#
#()$##......e..#
}).}%##....*e.#
[}:[e$##..e..#
:[$?|/:##.e.#
=$\$$=e@'#.#+
############


You could see a deep elf annihilator, 2 deep elf death magi, 2 deep elf
sorcerers, a deep elf high priest, a lost soul and a trident of flaming.

Vanquished Creatures
  A deep elf blademaster (Elf:2)
  Asterion (Elf:1)
  Gastronok (D:9)
  2 orc warlords
  Donald (Elf:1)
  A frost giant (D:13)
  3 deep elf sorcerers
  Louise (Elf:1)
  5 very ugly things (Abyss:2)
  A salamander stormcaller (D:15)
  A deep elf demonologist (Elf:3)
  The ghost of Amnesiac the Brilliant, a journeyman VSFi of Pakellas (Elf:1)
  5 vault guards (D:13)
  A deep elf death mage (Elf:2)
  A minotaur (Lab)
  Josephine (Orc:2)
  3 hydras
  A rakshasa (Abyss:2)
  2 centaur warriors (D:13)
  19 dancing weapons
  3 tengu warriors
  3 orc high priests (Orc:2)
  Urug (Orc:1)
  2 ogre magi (D:13)
  A wretched star (Abyss:2)
  The ghost of Amnesiac the Pioneer, a journeyman VSFi of Pakellas (Orc:1)
  8 deep elf knights
  Sonja (D:11)
  A skeletal warrior (D:15)
  A storm dragon skeleton (D:15)
  An unseen horror (D:10)
  6 deep elf archers
  A phantasmal warrior (D:15)
  6 orc knights
  An orange crystal statue (D:11)
  A harpy (shapeshifter) (D:13)
  4 hill giants
  4 orc sorcerers
  An orb spider (shapeshifter) (Elf:2)
  A necromancer (D:15)
  5 manticores
  29 deep elf magi
  2 cyclopes
  16 ugly things
  A stone giant skeleton (D:15)
  3 orange demons (Elf:2)
  3 gargoyles
  A spiny frog (shapeshifter) (Elf:2)
  5 centaur skeletons
  4 kobold demonologists
  A guardian mummy (D:15)
  A freezing wraith (D:15)
  An entropy weaver zombie (D:15)
  A jumping spider (shapeshifter) (D:14)
  A merfolk (D:8)
  A tengu conjurer (D:15)
  8 trolls
  5 two-headed ogres
  An air elemental (Elf:1)
  3 water elementals
  24 yaks
  A spriggan (D:9)
  5 wraiths
  5 shadows
  6 wyverns
  2 fire elementals
  2 hippogriffs
  7 vampire mosquitoes
  3 basilisks
  2 hungry ghosts
  Grum (D:10)
  Menkaure (D:7)
  3 wargs (Orc:2)
  A soldier ant (D:14)
  A mottled dragon (D:13)
  2 water moccasins
  A tengu skeleton (D:15)
  31 orc warriors
  6 ice beasts
  11 black bears
  2 sky beasts
  3 porcupines (D:9)
  A wasp (D:15)
  A necrophage (D:5)
  A boggart (D:13)
  3 phantoms
  4 wolves (D:10)
  20 centaurs
  11 ogres
  4 crocodiles
  3 big kobolds
  11 giant frogs
  2 earth elementals
  A gnoll sergeant (D:8)
  2 wyvern skeletons
  13 scorpions
  11 killer bees
  9 electric eels
  9 howler monkeys
  2 jellies
  5 crimson imps
  A quasit (D:11)
  3 centaur zombies
  6 hounds
  2 gnoll shamans (D:8)
  16 orc priests
  2 giant frog skeletons
  19 orc wizards
  Ijyb (D:3)
  4 iguanas
  4 worker ants
  7 sheep (D:8)
  A hound skeleton (D:5)
  A howler monkey skeleton (D:5)
  2 worker ant zombies
  12 adders
  9 gnolls
  A river rat (D:10)
  3 shadow imps
  An ooze (D:1)
  2 adder skeletons
  An adder zombie (D:7)
  A worm (D:6)
  2 dart slugs
  5 giant geckos
  78 orcs
  A ball python (D:6)
  3 bats
  8 giant cockroaches
  11 goblins
  10 hobgoblins
  4 jackals
  3 quokkas
  A giant gecko skeleton (D:8)
  5 giant newts
  A jackal skeleton (D:8)
  14 kobolds
  A quokka skeleton (D:6)
  9 rats
  6 fungi (Orc:2)
  4 plants (D:8)
690 creatures vanquished.

Vanquished Creatures (collateral kills)
  Agnes (Elf:1)
  10 dancing weapons
  5 deep elf knights
  A harpy (shapeshifter) (Elf:1)
  8 deep elf magi
  A large abomination (Abyss:2)
  A smoke demon (Abyss:2)
27 creatures vanquished.

Vanquished Creatures (others)
  A fungus (D:10)
  12 plants
13 creatures vanquished.

Grand Total: 730 creatures vanquished

Notes
Turn   | Place    | Note
--------------------------------------------------------------
     0 | D:1      | Amnesiac the Vine Stalker Fighter began the quest for the Orb.
     0 | D:1      | Reached XP level 1. HP: 11/11 MP: 2/2
   226 | D:2      | Reached XP level 2. HP: 16/16 MP: 3/3
   450 | D:3      | Reached XP level 3. HP: 14/19 MP: 4/4
   501 | D:3      | Noticed Ijyb
   539 | D:3      | Killed Ijyb
   547 | D:3      | Reached XP level 4. HP: 12/23 MP: 3/5
   806 | D:3      | Reached XP level 5. HP: 27/27 MP: 6/6
   890 | D:3      | Reached skill level 1 in Evocations
   970 | D:4      | Reached skill level 2 in Evocations
  1231 | D:4      | Reached skill level 5 in Short Blades
  1231 | D:4      | Gained mutation: You heal very quickly. [Vine Stalker growth]
  1231 | D:4      | Reached XP level 6. HP: 17/32 MP: 5/8
  1416 | D:5      | Entered Level 5 of the Dungeon
  1489 | D:5      | Reached XP level 7. HP: 12/35 MP: 9/9
  1877 | D:5      | Got a fine hunting sling
  1880 | D:5      | Identified the +2 hunting sling of Inference {speed, rElec MR+} (You took it off an orc on level 5 of the Dungeon)
  2134 | D:5      | Found an ancient bone altar of Kikubaaqudgha.
  2147 | D:5      | Found an iron altar of Okawaru.
  2246 | D:5      | Found a sacrificial altar of Ru.
  2373 | D:5      | Gained mutation: You have razor-sharp teeth. [Vine Stalker growth]
  2373 | D:5      | Reached XP level 8. HP: 39/39 MP: 10/10
  2721 | D:5      | Reached skill level 3 in Evocations
  2824 | D:6      | Reached skill level 4 in Evocations
  2831 | D:6      | Found Wicax's Antique Armour Emporium.
  2915 | D:6      | Found a bloodstained altar of Trog.
  2952 | D:6      | Reached skill level 5 in Evocations
  3026 | D:6      | Got a scorched spear
  3044 | D:6      | Identified the +0 spear "Xuirgh" {holy, rC++ Int+2} (You found it on level 6 of the Dungeon)
  3144 | D:6      | Found Dyogeahu's Antique Weapon Boutique.
  3187 | D:6      | Reached skill level 6 in Evocations
  3243 | D:6      | Found Besoarai's Assorted Antiques.
  3261 | D:6      | Bought a scroll labeled WIAN GIEBUOBO for 24 gold pieces
  3261 | D:6      | Bought a murky sapphire potion for 21 gold pieces
  3261 | D:6      | Bought a scroll labeled NOCIEMETUU for 24 gold pieces
  3261 | D:6      | Bought a scroll labeled CEACOW ROXADD for 24 gold pieces
  3291 | D:6      | Reached XP level 9. HP: 43/43 MP: 14/14
  3676 | D:6      | Reached skill level 7 in Evocations
  3697 | D:6      | Found a shadowy altar of Dithmenos.
  3935 | D:7      | Noticed Menkaure
  3948 | D:7      | Killed Menkaure
  4039 | D:7      | Found a staircase to the Ecumenical Temple.
  4050 | Temple   | Entered the Ecumenical Temple
  4100 | Temple   | Became a worshipper of Pakellas the Inventive
  4718 | D:1      | Reached * piety under Pakellas
  4718 | D:1      | Received a gift from Pakellas
  5623 | D:2      | Found a glowing golden altar of the Shining One.
  5941 | D:7      | Got a bloodstained scale mail
  5959 | D:7      | Identified the +5 scale mail of Icvoerie {rF+ Str+6 Dex+3 SInv} (You found it on level 7 of the Dungeon)
  6051 | D:7      | Reached skill level 8 in Evocations
  6442 | D:7      | Reached skill level 9 in Evocations
  6488 | D:7      | Learned a level 3 spell: Conjure Flame
  6719 | D:8      | Reached XP level 10. HP: 46/47 MP: 1/18
  6757 | D:8      | Reached skill level 10 in Evocations
  6791 | D:8      | Found a shattered altar of Ashenzari.
  6889 | D:8      | Reached ** piety under Pakellas
  6889 | D:8      | Received a gift from Pakellas
  7191 | D:8      | Reached skill level 11 in Evocations
  7571 | D:8      | Reached skill level 12 in Evocations
  7689 | D:8      | Reached XP level 11. HP: 51/51 MP: 21/21
  7739 | D:8      | Reached *** piety under Pakellas
  7739 | D:8      | Received a gift from Pakellas
  8066 | D:8      | Reached skill level 13 in Evocations
  8712 | D:9      | Noticed Gastronok
  8719 | D:9      | Killed Gastronok
  8859 | D:9      | Reached skill level 14 in Evocations
  8944 | D:9      | Found a glowing silver altar of Zin.
  8944 | D:9      | Found a stormy altar of Qazlal.
  9256 | D:10     | Entered Level 10 of the Dungeon
  9474 | D:10     | Gained mutation: You regenerate. [Vine Stalker growth]
  9474 | D:10     | Reached XP level 12. HP: 56/56 MP: 9/24
  9489 | D:10     | Reached **** piety under Pakellas
  9489 | D:10     | Received a gift from Pakellas
  9490 | D:10     | Noticed Grum
  9497 | D:10     | Killed Grum
  9521 | D:10     | Found Zakkyru's Food Emporium.
  9533 | D:10     | Found a staircase to the Lair.
  9541 | D:10     | Reached skill level 1 in Dodging
  9589 | D:10     | Reached skill level 15 in Evocations
  9907 | D:10     | Found a staircase to the Orcish Mines.
 10025 | D:10     | Found a snail-covered altar of Cheibriados.
 10325 | Orc:1    | Entered Level 1 of the Orcish Mines
 10461 | Orc:2    | Entered Level 2 of the Orcish Mines
 10461 | Orc:2    | Found Beukhanli's Antique Weapon Shoppe.
 10461 | Orc:2    | Noticed an orc high priest
 10465 | Orc:2    | Killed an orc high priest
 10479 | Orc:2    | Noticed an orc high priest
 10483 | Orc:2    | Killed an orc high priest
 10483 | Orc:2    | Reached skill level 5 in Armour
 10614 | Orc:2    | Found Qutish's Book Shop.
 10649 | Orc:2    | Found a staircase to the Elven Halls.
 10695 | Orc:2    | Found Vaamaur's Antique Armour Shoppe.
 10758 | Orc:2    | Noticed an orc warlord
 10761 | Orc:2    | Noticed an orc high priest
 10762 | Orc:2    | Killed an orc high priest
 10771 | Orc:2    | Noticed Josephine
 10779 | Orc:2    | Killed an orc warlord
 10779 | Orc:2    | Reached skill level 5 in Dodging
 10779 | Orc:2    | Reached XP level 13. HP: 48/59 MP: 8/25
 10787 | Orc:2    | Killed Josephine
 10853 | Orc:2    | Found Uxymadi's General Store.
 10877 | Orc:2    | Found a roughly hewn altar of Beogh.
 11153 | Orc:1    | Noticed Amnesiac's ghost (journeyman VSFi)
 11162 | Orc:1    | Killed Amnesiac's ghost
 11245 | Orc:1    | Noticed Urug
 11249 | Orc:1    | Killed Urug
 11405 | Orc:2    | Bought a runed helmet for 103 gold pieces
 11405 | Orc:2    | Bought a glowing cloak for 103 gold pieces
 11978 | D:11     | Noticed Sonja
 11991 | D:11     | Killed Sonja
 12630 | D:12     | Reached skill level 5 in Fighting
 12750 | D:12     | Reached skill level 5 in Shields
 13092 | D:13     | Noticed a vault guard
 13109 | D:13     | Killed a vault guard
 13136 | D:13     | Noticed a vault guard
 13146 | D:13     | Killed a vault guard
 13182 | D:13     | Found Wieth's Armour Shop.
 13188 | D:13     | Bought a +1 pair of gloves of strength for 313 gold pieces
 13255 | D:13     | Reached ***** piety under Pakellas
 13255 | D:13     | Received a gift from Pakellas
 13368 | D:13     | Reached XP level 14. HP: 70/70 MP: 26/26
 13541 | D:13     | Noticed a frost giant
 13553 | D:13     | Killed a frost giant
 13756 | D:13     | Reached skill level 16 in Evocations
 13771 | D:13     | Found a gate to the Vaults.
 13994 | D:14     | Found Nokkif's Book Shoppe.
 14041 | D:14     | Found a labyrinth entrance.
 14092 | Lab      | Entered a labyrinth
 14340 | D:14     | Identified a +5 rod of shadows (10/10) (Pakellas gifted it to you on level 13 of the Dungeon)
 15097 | D:15     | Entered Level 15 of the Dungeon
 15129 | D:15     | Found Afys's Pet Rocks.
 15156 | D:15     | Found a shattered altar of Ashenzari.
 15293 | D:15     | Reached skill level 17 in Evocations
 15333 | D:15     | Got a clouded bronze ring
 15349 | D:15     | Identified the ring "Avaeloabats" {rN+ Str+3 Int+3 Dex+2} (You found it on level 15 of the Dungeon)
 15460 | D:15     | Found a staircase to the Depths.
 15499 | D:15     | Reached XP level 15. HP: 75/75 MP: 28/28
 15946 | Elf:1    | Entered Level 1 of the Elven Halls
 15973 | Elf:1    | Reached skill level 18 in Evocations
 16103 | Elf:1    | Noticed Agnes
 16111 | Elf:1    | Killed Agnes
 16199 | Elf:1    | Noticed Donald
 16228 | Elf:1    | Killed Donald
 16334 | Elf:1    | Noticed Louise
 16348 | Elf:1    | Killed Louise
 16393 | Elf:1    | Noticed Amnesiac's ghost (journeyman VSFi)
 16393 | Elf:1    | Noticed a deep elf sorcerer
 16429 | Elf:1    | Killed Amnesiac's ghost
 16431 | Elf:1    | Cast into level 2 of the Abyss (a deep elf sorcerer)
 16546 | Elf:1    | Escaped the Abyss
 16553 | Elf:1    | Killed a deep elf sorcerer
 16563 | Elf:1    | Reached skill level 19 in Evocations
 16806 | Elf:1    | Noticed Asterion
 16817 | Elf:1    | Killed Asterion
 16901 | Elf:1    | Found Purr's Weapon Shoppe.
 17147 | Elf:1    | Noticed a deep elf sorcerer
 17152 | Elf:1    | Killed a deep elf sorcerer
 17152 | Elf:1    | Reached XP level 16. HP: 80/80 MP: 30/30
 17284 | Elf:2    | Found Bienorr's Book Shop.
 17521 | Elf:2    | Identified the Almanac of Creative Enchantment
 17525 | Elf:2    | Learned a level 1 spell: Summon Butterflies
 17741 | Elf:2    | Found a roughly hewn altar of Beogh.
 17819 | Elf:2    | Reached skill level 20 in Evocations
 17993 | Elf:2    | Found a runed gate.
 17993 | Elf:2    | Found a runed gate.
 17994 | Elf:2    | Found a runed gate.
 18161 | Elf:2    | Noticed a deep elf blademaster
 18181 | Elf:2    | Killed a deep elf blademaster
 18468 | Elf:3    | Entered Level 3 of the Elven Halls
 18661 | Elf:3    | Reached skill level 21 in Evocations
 18747 | Elf:3    | Found a portal to a secret trove of treasure.
 18929 | Elf:3    | Reached ****** piety under Pakellas
 18968 | Elf:3    | Reached XP level 17. HP: 84/84 MP: 32/32
 19032 | Elf:3    | HP: 3/84 [deep elf death mage/bolt of negative energy (5)]
 19032 | Elf:3    | Killed from afar by a deep elf sorcerer

Skill      XL: |  1  2  3  4  5  6  7  8  9 10 11 12 13 14 15 16 |
---------------+-------------------------------------------------+-----
Short Blades   | 2 3 4 5 6 8 |  8.0
Evocations     | 2 6 9 12 14 15 17 19 21 | 21.1
Dodging        | 5 6 |  6.5
Armour         | 6 |  6.5
Fighting       | 6 7 |  7.0
Shields        | 6 7 |  7.0

Action                   |  1- 3 |  4- 6 |  7- 9 | 10-12 | 13-15 | 16-18 || total
-------------------------+-------+-------+-------+-------+-------+-------++-------
Melee: Rapier            |    91 |    54 |       |       |       |       ||   145
       Bite              |    27 |    80 |   229 |   239 |   346 |   254 ||  1175
       Dagger            |       |   150 |   509 |   477 |   597 |   349 ||  2082
       Quick blade       |       |       |       |       |       |   177 ||   177
 Fire: Hunting sling     |       |       |    96 |       |       |       ||    96
Invok: Quick Charge      |       |       |     5 |    25 |    36 |     5 ||    71
Evoke: Wand              |       |       |    16 |   167 |   316 |    36 ||   535
       Box of beasts     |       |       |       |       |     6 |     1 ||     7
       Rod               |       |       |       |       |       |     3 ||     3
  Use: Scroll            |     2 |     1 |       |    22 |     8 |     5 ||    38
       Potion            |       |       |       |       |     1 |     1 ||     2
 Stab: Paralysed         |       |       |    10 |   116 |   221 |    26 ||   373
       Distracted        |       |       |       |       |     1 |     1 ||     2
  Eat: Chunk             |       |     1 |    14 |    17 |    26 |     8 ||    66
       Bread ration      |       |       |     1 |       |       |       ||     1
Armor: Scale mail        |    32 |    48 |    61 |    96 |   107 |    45 ||   389
       Plate armour      |       |       |    37 |       |       |       ||    37
Dodge: Dodged            |    34 |    37 |    36 |    40 |   115 |    48 ||   310
Block: Shield            |    59 |    83 |    39 |       |    38 |       ||   219
       Large shield      |       |       |   166 |   218 |   321 |   270 ||   975
       Reflection        |       |       |       |       |     5 |    34 ||    39
